 Dungeon Crawl Stone Soup version 0.31-a0-1591-g515db51633 (webtiles) character file.

Game seed: 8079719335171806872

112 MisterAzrael the Trooper (level 4, -4/61 HPs)
             Began as a Hill Orc Fighter on Jan 6, 2024.
             Succumbed to Sigmund's poison
             ... on level 3 of the Dungeon.
             The game lasted 00:02:16 (1562 turns).

MisterAzrael the Trooper (Hill Orc Fighter)         Turns: 1562, Time: 00:02:16

Health: -4/61      AC: 12    Str: 18 (20) XL:     4   Next: 93%
Magic:  4/4        EV:  7    Int:  6 (8)  God:
Gold:   98         SH:  4    Dex:  7 (10) Spells: 3/3 levels left

rFire   . . .        a - +0 trident
rCold   . . .        c - +0 buckler
rNeg    + . .        r - +0 chain mail
rPois   .            g - +2 hat
rElec   .            (no cloak)
rCorr   .            (no gloves)
SInv    .            s - +0 pair of boots
Will    .....        (no amulet) Stlth
                     m - ring of positive energy
HPRegen 0.30/turn    (no ring)
MPRegen 0.09/turn

%: no passive effects
@: mighty, berserking, lethally poisoned (-4 -> -27), invisible, very quick
A: no striking features
a: no special abilities


You were on level 3 of the Dungeon.
You visited 1 branch of the dungeon, and saw 3 of its levels.

You collected 98 gold pieces.

Inventory:

Hand Weapons
 a - a +0 trident (weapon)
Missiles
 i - 5 javelins
 n - 5 boomerangs
Armour
 b - a +0 scale mail
 c - a +0 buckler (worn)
 g - a +2 hat (worn)
 r - a +0 chain mail (worn)
 s - a +0 pair of boots (worn)
Jewellery
 m - a ring of positive energy (left hand)
Talismans
 q - a talisman of death
Wands
 u - a wand of light (5)
Scrolls
 e - a scroll of amnesia {unknown}
 f - a scroll of blinking {unknown}
 l - a scroll of silence {unknown}
 o - 3 scrolls of identify {unknown}
 t - a scroll of immolation {unknown}
Potions
 h - a potion of brilliance {unknown}
 j - a potion of degeneration
 p - a potion of resistance {unknown}


   Skills:
 + Level 4.5 Fighting
 + Level 3.2 Polearms
 + Level 4.1 Armour
 + Level 4.1 Shields


You had 3 spell levels left.
You didn't know any spells.
Your spell library contained the following spells:

 Spells                   Type           Power      Damage    Failure   Level
 Freeze                   Ice            0%         1d3       99%         1
 Lesser Beckoning         Tloc           0%         N/A       100%        2
 Frozen Ramparts          Ice            0%         1d1       100%        3
 Gell's Gravitas          Tloc           0%         N/A       100%        3
 Hailstorm                Conj/Ice       0%         3d5       100%        3
 Teleport Other           Tloc           0%         N/A       100%        3


Dungeon Overview and Level Annotations

Branches:
Dungeon (3/15)

Altars:

Annotations:
D:3 3 runed translucent doors, Sigmund; monsoonserge's ghost, amateur OpSh


Message History

Sigmund is nearby!
Sigmund is nearby!
Sigmund says, "Now you see me, now you don't..."
You feel very mighty all of a sudden. Sigmund hits you but does no damage.
You are poisoned.
You feel very sick.
Sigmund hits you with a +1 scythe of venom.
You are more poisoned.
You puncture Sigmund!
Sigmund is moderately wounded.
You feel extremely sick. Sigmund barely misses you.
You puncture Sigmund!
Sigmund is severely wounded.
You feel very sick.
Sigmund hits you with a +1 scythe of venom.
You are lethally poisoned!
You closely miss Sigmund.
Sigmund is severely wounded.
* * * LOW HITPOINT WARNING * * *
You feel extremely sick.
It was a potion of degeneration.
There was something very wrong with that liquid.
You feel weakened.
You feel dopey.
You feel clumsy.
* * * LOW HITPOINT WARNING * * *
You feel very sick. You block Sigmund's attack.
It was a potion of invisibility.
You fade into invisibility!
* * * LOW HITPOINT WARNING * * *
You feel very sick.
Sigmund hits you with a +1 scythe of venom.
* * * LOW HITPOINT WARNING * * *
You are more poisoned.
Okay, then.
It was a potion of berserk rage.
A red film seems to cover your vision as you go berserk!
You feel yourself moving faster!
You feel mighty!
You die...

.###≈≈.≈≈###.##....+..#######.#.#
.#P≈≈≈.≈≈≈P#.#$....#..# .......
.............#.#.#.#### .......
.#P≈≈≈.≈≈≈P#.####### .......
####≈≈.≈≈###....### .......
##≈†≈##........# .......
##P.P###.#####.### .......
##.....##.#####...#### ###....
#.♣...♣.#.....@@...... ......
#...8...#.#######..### ###....
#.♣...♣.### .# ..... #.......#
#..... #########


You could see Sigmund (unable to see you).

Vanquished Creatures
  Ijyb (D:3)
  4 adders
  2 dart slugs (D:1)
  2 ribbon worms (D:2)
  6 ball pythons
  4 endoplasms (D:1)
  A giant cockroach (D:1)
  2 hobgoblins
  A jackal (D:1)
  A quokka (D:3)
  4 bats
  3 frilled lizards (D:1)
  3 goblins
  5 kobolds
  6 rats
45 creatures vanquished.

Notes
Turn   | Place    | Note
-------+----------+-------------------------------------------
     0 | D:1      | MisterAzrael the Hill Orc Fighter began the quest for the
                  | Orb.
     0 | D:1      | Reached XP level 1. HP: 19/19 MP: 1/1
    98 | D:1      | Reached XP level 2. HP: 23/27 MP: 2/2
   335 | D:1      | Reached XP level 3. HP: 33/33 MP: 3/3
   732 | D:2      | Found a faded altar of an unknown god.
  1057 | D:2      | Reached XP level 4. HP: 40/40 MP: 4/4
  1362 | D:3      | Noticed Ijyb
  1369 | D:3      | Killed Ijyb
  1447 | D:3      | Found a runed translucent gate.
  1447 | D:3      | Found a runed translucent gate.
  1447 | D:3      | Found a runed translucent gate.
  1452 | D:3      | Noticed monsoonserge's ghost (amateur OpSh)
  1552 | D:3      | Noticed Sigmund
  1561 | D:3      | HP: 1/41 [Sigmund/+1 scythe of venom (3)]
  1562 | D:3      | Succumbed to Sigmund's poison

Illustrated notes

Levels and vault maps discovered:
D:1:      minmay_arrival_checkered_box, layout_basic, serial_corexii_hall,
          corexii_hall_statues_x, chequers_hall_statues_corner_a,
          minmay_pentomino_r4
D:2:      layout_basic, ebering_ecumenical_altar_webs
D:3:      layout_basic, mainiacjoe_overflow_alcove_4,
          gammafunk_ghost_necromancy, dreamdust_princess_bridge,
          corner_web_ring, small_statue_alley_b, uniq_sigmund, uniq_ijyb

Skill      XL: |  1  2  3  4 |
---------------+-------------+-----
Fighting       | 4 |  4.5
Polearms       | 3 |  3.2
Armour         | 4 |  4.1
Shields        | 4 |  4.1

Action                     |  1- 3 |  4- 6 || total
---------------------------+-------+-------++-------
  Melee: Trident           |   127 |    30 ||   157
    Use: Potion            |       |     5 ||     5
 Armour: Scale mail        |    56 |       ||    56
         Chain mail        |    17 |    21 ||    38
  Dodge: Dodged            |    52 |     5 ||    57
  Block: Buckler           |    20 |     5 ||    25

Table legend: (Time is in decaauts)
 A = Elapsed time spent in this place.
 B = Non-inter-level travel time spent in this place.
 C = Inter-level travel time spent in this place.
 D = Time resting spent in this place.
 E = Time spent auto-exploring this place.
 F = Levels seen in this place.
 G = Mean time per level.
                   A        B        C        D        E       F      G
               +--------+--------+--------+--------+--------+-----+--------+
         Total |   1592 |   1510 |     82 |     51 |   1044 |   3 |  530.7 |
       Dungeon |   1592 |   1510 |     82 |     51 |   1044 |   3 |  530.7 |
               +--------+--------+--------+--------+--------+-----+--------+

Top non-repeatable levels by time:
     D:2: 692 daAuts
     D:1: 691 daAuts
     D:3: 208 daAuts
